 Dungeon Crawl Stone Soup version 0.17.0-15-g6d90897 (webtiles) character file.

3073 HungrySpirit the Transmogrifier (level 9, -6/76 HPs)
             Began as a Black Draconian Transmuter on Nov 10, 2015.
             Was a Follower of Makhleb.
             Mangled by a large abomination (13 damage)
             ... on level 1 of the Abyss.
             The game lasted 00:23:22 (11613 turns).

HungrySpirit the Transmogrifier (DrTm)             Turns: 11613, Time: 00:23:22

Health: -6/76      AC:  6    Str: 13    XL:     9   Next: 58%
Magic:  13/17      EV: 10    Int: 17    God:    Makhleb [*.....]
Gold:   448        SH:  0    Dex: 11    Spells: 5 memorised, 3 levels left

rFire  x . .     SeeInvis .       - Unarmed
rCold  + + +     Clarity  .     (armour unavailable)
rNeg   . . .     SustAt   .     (shield currently unavailable)
rPois  +         Gourm    .     (helmet currently unavailable)
rElec  .         Spirit   .     (cloak currently unavailable)
rCorr  .         Warding  .     (gloves currently unavailable)
rMut   .         Stasis   .     (boots currently unavailable)
MR     .....                    v - amulet of rage
Stlth  +.........               (no ring)
                                s - ring of wizardry

@: ice-form, not resistant to hostile enchantments, very unstealthy
A: (breathe lightning), unfitting armour, (stinger 0), (electricity resistance),
(cold-blooded), AC +7
a: End Transformation, Renounce Religion, Evoke Berserk Rage


You were on level 1 of the Abyss.
You worshipped Makhleb.
Makhleb was aware of your devotion.
You were not hungry.
You were a creature of crystalline ice.
You visited 1 branch of the dungeon, and saw 8 of its levels.
You visited the Abyss 1 time.
You also visited: Ossuary.

You collected 448 gold pieces.

Inventory:

Hand Weapons
 g - a +1 short sword of holy wrath
Missiles
 a - 106 arrows
 N - 12 arrows of frost
Armour
 F - a +0 pair of boots (melded)
 M - a +1 pair of gloves
Jewellery
 s - a ring of wizardry (left front paw)
 v - an amulet of rage (around neck)
 x - a cursed amulet of inaccuracy {unknown}
Wands
 G - a wand of frost (29)
 H - a wand of slowing (10)
 I - a wand of frost (25)
Scrolls
 d - a scroll of teleportation {unknown}
 e - 3 scrolls of enchant armour {unknown}
 f - 2 scrolls of immolation {unknown}
 h - 4 scrolls of remove curse {unknown}
 i - 3 scrolls of fog {unknown}
 k - a scroll of blinking {unknown}
 n - 10 scrolls of identify {unknown}
 o - a scroll of noise {unknown}
 q - a scroll of recharging {unknown}
 r - 5 scrolls of magic mapping {unknown}
 y - 2 scrolls of random uselessness {unknown}
 J - a scroll of amnesia {unknown}
 K - 2 scrolls of fear {unknown}
Potions
 j - 3 potions of agility {unknown}
 l - a potion of degeneration {unknown}
 m - a potion of invisibility {unknown}
 p - 2 potions of cure mutation {unknown}
 t - 2 potions of magic {unknown}
 w - 2 potions of curing {unknown}
 z - a potion of brilliance {unknown}
 A - a potion of might {unknown}
 B - 2 potions of cancellation {unknown}
 D - a potion of heal wounds {unknown}
 E - a potion of mutation {unknown}
Books
 b - a book of Changes

   Spells                             Type                      Level
   a - Beastly Appendage              Transmutation                1
   b - Sticks to Snakes               Transmutation                2
   c - Spider Form                    Transmutation/Poison         3
   d - Ice Form                       Ice/Transmutation            4
   e - Blade Hands                    Transmutation                5
 L - a book of Hinderance

   Spells                             Type                      Level
   a - Confusing Touch                Hexes                        2
   b - Confuse                        Hexes                        3
   c - Gell's Gravitas                Hexes/Translocation          3
   d - Petrify                        Transmutation/Earth          4
   e - Metabolic Englaciation         Hexes/Ice                    5
Miscellaneous
 u - a plain deck of wonders {drawn: 2}
Comestibles
 c - 8 bread rations
 C - 2 meat rations


   Skills:
 - Level 1.1 Fighting
 + Level 1.9 Dodging
 * Level 8.2 Unarmed Combat
 + Level 5.4 Spellcasting
 * Level 8.5 Transmutations
 - Level 4.5 Ice Magic


You had 3 spell levels left.
You knew the following spells:

 Your Spells              Type           Power        Failure   Level  Hunger
a - Beastly Appendage     Trmt           ####..       1%          1    None
b - Sticks to Snakes      Trmt           ####......   1%          2    #......
c - Spider Form           Trmt/Pois      ###.......   4%          3    ##.....
d - Ice Form              Ice/Trmt       ####....     4%          4    ####...
e - Blade Hands           Trmt           ####......   6%          5    ######.


Dungeon Overview and Level Annotations

Branches:
Dungeon (8/15)             Temple (0/1) D:7
   Lair: D:8-11

Altars:
Dithmenos
Fedhas
Kikubaaqudgha
Makhleb
Nemelex Xobeh
Trog
Vehumet
Xom
Yredelemnul
The Shining One

Annotations:
D:3 SKei0's ghost, amateur GrFi
D:4 exclusion: door
D:7 exclusion: statue
D:8 Erolcha


Innate Abilities, Weirdness & Mutations

((You can breathe wild blasts of lightning.))
((Your glossy black scales are hard (AC +7).))
Your body does not fit into most forms of armour.
((You are resistant to electric shocks.))
((You are cold-blooded and may be slowed by cold attacks.))
((Your tail ends in a poisonous barb.))


Message History

Your +0 pair of boots unmelds from your body.
Found a scroll labeled ACELYX EMYM.
A large abomination comes into view.
You see here a slice of pizza.
Casting: Ice Form
Confirm with . or Enter, or press ? or * to list all spells.
You turn into a creature of crystalline ice.
Your +0 pair of boots melds into your body.
You hit the large abomination but do no damage.
The large abomination hits you!!
You hit the large abomination. You freeze the large abomination.
The large abomination is lightly damaged.
You hit the large abomination but do no damage.
The large abomination is lightly damaged.
The large abomination hits you!!!
* * * LOW HITPOINT WARNING * * *
You hit the large abomination but do no damage.
The large abomination is lightly damaged.
The large abomination hits you!
You die...

####. ....#
#.....# #.## ## #.
#####X.# .. # ###
..#..#.##. ## .
#.###. #...#.# . .
#.#..##...##.#...#
. ..# #...##### ..
.##.#..#..X#
.....#.#.#.. .##Y#
. .##.#..#.# #.##
...##%.. # ### #
##.. .# ## # ##
#..# .. ###... ##
#.#


You could see a large abomination.

Vanquished Creatures
  A trapdoor spider (D:8)
  A spriggan (D:7)
  A hippogriff (D:7)
  3 phantoms
  2 orc warriors
  2 ogres
  4 centaurs
  3 elf zombies (Ossuary)
  3 giant frogs (D:6)
  2 scorpions
  3 crimson imps
  A jelly (D:6)
  2 hounds
  A centaur zombie (D:8)
  4 orc wizards
  A human zombie (Ossuary)
  Ijyb (D:2)
  2 orc priests (D:8)
  5 worker ants
  A giant frog skeleton (D:8)
  A centaur skeleton (D:7)
  3 iguanas
  A big kobold zombie (Ossuary)
  2 mummies
  A hound skeleton (D:4)
  A worker ant zombie (D:7)
  13 adders
  2 shadow imps
  2 adder zombies
  3 adder skeletons
  2 worms (D:4)
  4 giant geckos
  30 orcs
  2 gnoll zombies (D:2)
  5 hobgoblins
  9 jackals
  6 quokkas
  A ball python (D:1)
  6 bats
  2 giant cockroaches
  6 giant newts
  8 goblins
  8 hobgoblin zombies
  A jackal zombie (Ossuary)
  9 kobolds
  7 kobold zombies (Ossuary)
  9 orc zombies
  9 rats
196 creatures vanquished.

Vanquished Creatures (collateral kills)
  An ice beast (D:6)
  2 elf zombies (Ossuary)
  An iguana (D:4)
  A worm (D:4)
  2 orcs (D:3)
  A goblin zombie (Ossuary)
  2 hobgoblin zombies (Ossuary)
  A jackal zombie (Ossuary)
  A kobold zombie (Ossuary)
  An orc zombie (Ossuary)
13 creatures vanquished.

Vanquished Creatures (others)
  2 scorpions (D:8)
  An iguana (D:8)
  An adder skeleton (D:8)
4 creatures vanquished.

Grand Total: 213 creatures vanquished

Notes
Turn   | Place    | Note
--------------------------------------------------------------
     0 | D:1      | HungrySpirit the Draconian Transmuter began the quest for the Orb.
     0 | D:1      | Reached XP level 1. HP: 16/16 MP: 3/3
   578 | D:1      | Reached XP level 2. HP: 20/23 MP: 3/5
   947 | D:2      | Learned a level 2 spell: Sticks to Snakes
  1080 | D:2      | Found a blossoming altar of Fedhas.
  1422 | D:2      | Found a basalt altar of Yredelemnul.
  1506 | D:2      | Reached XP level 3. HP: 20/28 MP: 6/6
  1908 | D:2      | Noticed Ijyb
  1946 | D:2      | Killed Ijyb
  1946 | D:2      | Reached XP level 4. HP: 18/35 MP: 7/7
  2578 | D:3      | Found a sparkling altar of Nemelex Xobeh.
  2584 | D:3      | Found an ancient bone altar of Kikubaaqudgha.
  2634 | D:3      | Reached skill level 4 in Unarmed Combat
  2658 | D:3      | Noticed SKei0's ghost (amateur GrFi)
  3036 | D:3      | Reached XP level 5. HP: 17/40 MP: 2/9
  3473 | D:3      | Found a glowing golden altar of the Shining One.
  3938 | D:3      | Gained mutation: Your tail ends in a poisonous barb. [helix card]
  4011 | D:3      | Learned a level 3 spell: Spider Form
  4298 | D:4      | Noticed an ogre
  4315 | D:4      | Killed an ogre
  4315 | D:4      | Reached XP level 6. HP: 24/47 MP: 0/10
  4955 | D:4      | Noticed a moth of wrath
  4957 | D:4      | Found a bloodstained altar of Trog.
  5220 | D:4      | Found a glowing golden altar of the Shining One.
  5343 | D:5      | Entered Level 5 of the Dungeon
  5349 | D:5      | Learned a level 4 spell: Ice Form
  5365 | D:5      | Found a sand-covered staircase.
  5378 | Ossuary  | Entered an ossuary
  5544 | Ossuary  | Reached skill level 5 in Unarmed Combat
  5544 | Ossuary  | Reached skill level 5 in Transmutations
  5576 | Ossuary  | Your scales start taking on a glossy black colour.
  5576 | Ossuary  | Gained mutation: You are resistant to electric shocks. [Black Draconian growth]
  5576 | Ossuary  | Reached XP level 7. HP: 22/52 MP: 4/12
  5624 | Ossuary  | Reached skill level 1 in Ice Magic
  6818 | D:6      | Reached skill level 6 in Transmutations
  7350 | D:6      | Reached XP level 8. HP: 30/59 MP: 11/14
  7931 | D:6      | Found a burning altar of Makhleb.
  7931 | D:6      | Noticed a balrug
  7934 | D:6      | Noticed a hellwing
  7936 | D:6      | Became a worshipper of Makhleb the Destroyer
  8326 | D:6      | Reached skill level 7 in Transmutations
  9271 | D:7      | Found a radiant altar of Vehumet.
  9662 | D:7      | Reached XP level 9. HP: 62/64 MP: 11/16
  9663 | D:7      | Reached * piety under Makhleb
  9828 | D:7      | Reached skill level 5 in Spellcasting
 10088 | D:7      | Learned a level 5 spell: Blade Hands
 10241 | D:7      | Found a staircase to the Ecumenical Temple.
 10555 | D:8      | Reached skill level 8 in Transmutations
 11366 | D:8      | Found a shimmering altar of Xom.
 11420 | D:8      | Found a shadowy altar of Dithmenos.
 11520 | D:8      | Noticed Erolcha
 11544 | D:8      | Cast into the Abyss (Erolcha)
 11613 | Abyss:1  | Mangled by a large abomination

Action                   |  1- 3 |  4- 6 |  7- 9 || total
-------------------------+-------+-------+-------++-------
Melee: Unarmed           |   147 |   305 |   473 ||   925
 Cast: Beastly Appendage |    20 |    32 |    30 ||    82
       Sticks to Snakes  |       |    17 |    13 ||    30
       Spider Form       |       |     1 |     1 ||     2
       Ice Form          |       |       |    17 ||    17
Evoke: Deck              |       |     2 |       ||     2
 Stab: Sleeping          |     1 |     1 |     1 ||     3
  Eat: Chunk             |     3 |    11 |    16 ||    30
       Beef jerky        |       |     1 |       ||     1
       Fruit             |       |       |     2 ||     2
       Bread ration      |       |       |     1 ||     1
       Royal jelly       |       |       |     1 ||     1
